 Dungeon Crawl Stone Soup version 0.31-a0-221-gbddc013574 (webtiles) character file.

Game seed: 2434616777764580565

89 qw the Shooter (level 4, -5/36 HPs)
             Began as a Minotaur Hexslinger on July 4, 2023.
             Slain by a gnoll
             ... wielding a +0 halberd
              (10 damage)
             ... on level 2 of the Dungeon.
             The game lasted 00:00:43 (1401 turns).

qw the Shooter (Minotaur Hexslinger)                Turns: 1401, Time: 00:00:44

Health: -5/36      AC:  2    Str: 12    XL:     4   Next: 31%
Magic:  4/4        EV: 12    Int: 10    God:
Gold:   97         SH:  0    Dex: 15    Spells: 4/5 levels left

rFire   . . .        Y - +1 sling
rCold   . . .        (no shield)
rNeg    . . .        c - +0 robe
rPois   .            (helmet restricted)
rElec   .            (no cloak)
rCorr   .            (no gloves)
SInv    .            (no boots)
Will    .....        (no amulet)
Stlth   +            (no ring)
HPRegen 0.26/turn    (no ring)
MPRegen 0.09/turn

%: no passive effects
@: no status effects
A: horns 2, retaliatory headbutt
a: no special abilities


You were on level 2 of the Dungeon.
You visited 1 branch of the dungeon, and saw 2 of its levels.

You collected 97 gold pieces.


Innate Abilities, Weirdness & Mutations

You have a pair of horns on your head.
You reflexively headbutt those who attack you in melee.


   Skills:
 - Level 2.0 Fighting
 + Level 4.8 Ranged Weapons
 - Level 2.1 Dodging
 - Level 1.0 Spellcasting
 - Level 2.0 Hexes


You had 4 spell levels left.
You knew the following spells:

 Your Spells              Type           Power      Damage    Failure   Level
a - Slow                  Hex            16%        N/A       16%         1

Your spell library contained the following spells:

 Spells                   Type           Power      Damage    Failure   Level
 Inner Flame              Hex/Fire       2%         N/A       56%         3
 Portal Projectile        Hex/Tloc       4%         N/A       56%         3
 Cause Fear               Hex            2%         N/A       83%         4

Inventory:

Hand Weapons
 Y - a +1 sling (weapon)
Armour
 a - a +0 ring mail
 c - a +0 robe (worn)
Scrolls
 f - a scroll of identify
Potions
 g - a potion of cancellation

Dungeon Overview and Level Annotations

Branches:
Dungeon (2/15)

Altars:


Message History

The gnoll hits you from afar with a +0 spear!
You shoot a sling bullet.
The sling bullet barely misses the gnoll.
The sling bullet completely misses the gnoll.
The sling bullet closely misses the gnoll.
The gnoll hits you from afar with a +0 spear.
You shoot a sling bullet.
The sling bullet barely misses the gnoll.
The sling bullet hits the gnoll.
The gnoll is moderately wounded.
The gnoll closely misses you.
You shoot a sling bullet. The sling bullet hits the gnoll.
The gnoll is moderately wounded.
The gnoll barely misses you.
You shoot a sling bullet. The sling bullet hits the gnoll.
The gnoll is heavily wounded.
The gnoll hits you from afar with a +0 spear.
The gnoll barely misses you.
You shoot a sling bullet. The sling bullet hits the gnoll.
The gnoll is severely wounded.
The gnoll hits you from afar with a +0 spear.
You shoot a sling bullet. The sling bullet hits the gnoll.
You kill the gnoll!
You shoot a sling bullet. The sling bullet hits the gnoll.
The gnoll is heavily wounded.
The gnoll barely misses you.
You shoot a sling bullet.
The sling bullet completely misses the gnoll.
The sling bullet hits the gnoll.
The gnoll is moderately wounded.
The gnoll hits you from afar with a +0 halberd.
You shoot a sling bullet.
The sling bullet barely misses the gnoll.
The sling bullet closely misses the gnoll.
The gnoll misses you.
You shoot a sling bullet.
The sling bullet hits the gnoll but does no damage.
The gnoll is heavily wounded.
The gnoll hits you from afar with a +0 halberd!
You die...

#..# #..# .
...#########..###.##
.........../........
#######.####..##.###
#.####..##.# .
#.##....##.#
....####.##....##.######
#..gg.@................
#..####.##.....#.####.#
#.##.#...#.##
#.##.#...#.<#
#.##.#...#.)#
..[......)....
#.##.##..#..### .##.
#..#..# # #..#...


You could see 2 gnolls.

Vanquished Creatures
  5 gnolls
  3 ball pythons (D:1)
  5 bats (D:1)
  6 endoplasms
  3 giant cockroaches (D:1)
  2 goblins (D:1)
  A hobgoblin (D:1)
  4 jackals (D:1)
  A quokka (D:1)
  2 frilled lizards (D:1)
  3 kobolds (D:1)
  7 rats (D:1)
42 creatures vanquished.

Notes
Turn   | Place    | Note
-------+----------+-------------------------------------------
     0 | D:1      | qw the Minotaur Hexslinger began the quest for the Orb.
     0 | D:1      | Reached XP level 1. HP: 16/16 MP: 1/1
     0 | D:1      | 0 ||| qw: Version: 0.3-a-41-g9d075ac
     0 | D:1      | 0 ||| qw: Game counter: 779
     0 | D:1      | 0 ||| qw: Melee chars always use a shield: true
     0 | D:1      | 0 ||| qw: God list: Okawaru
     0 | D:1      | 0 ||| qw: Allow faded altars: false
     0 | D:1      | 0 ||| qw: Do Orc after clearing Dungeon:15 true
     0 | D:1      | 0 ||| qw: Do second Lair branch before Depths: true
     0 | D:1      | 0 ||| qw: Lair rune preference: random
     0 | D:1      | 0 ||| qw: Goals: Normal
     0 | D:1      | 0 ||| PLANNING D:1-11
    95 | D:1      | Reached skill level 3 in Ranged Weapons
    95 | D:1      | Reached XP level 2. HP: 16/23 MP: 2/2
   416 | D:1      | Reached XP level 3. HP: 29/29 MP: 3/3
   832 | D:1      | 832 ||| DROPPING ring of magical power.
   833 | D:1      | 833 ||| READING scroll labelled YBBUUCI AGUNK.
   834 | D:1      | 834 ||| READING 3 scrolls labelled HAAGHILANE.
   835 | D:1      | 835 ||| READING scroll labelled KAIXUDUARO.
   836 | D:1      | 836 ||| READING scroll labelled YSOLOGOSULIL.
   837 | D:1      | 837 ||| READING 2 scrolls of identify.
   837 | D:1      | 837 ||| IDENTIFYING amethyst potion
   838 | D:1      | 838 ||| DROPPING scroll of poison.
   901 | D:2      | 901 ||| STAIRDANCE
   907 | D:1      | Reached skill level 4 in Ranged Weapons
   960 | D:2      | 960 ||| STAIRDANCE
   979 | D:2      | 979 ||| STAIRDANCE
   994 | D:2      | 994 ||| STAIRDANCE
  1021 | D:2      | 1021 ||| STAIRDANCE
  1048 | D:2      | 1048 ||| STAIRDANCE
  1083 | D:2      | 1083 ||| STAIRDANCE
  1109 | D:2      | 1109 ||| STAIRDANCE
  1131 | D:2      | 1131 ||| STAIRDANCE
  1183 | D:2      | 1183 ||| STAIRDANCE
  1210 | D:2      | 1210 ||| STAIRDANCE
  1250 | D:2      | 1250 ||| STAIRDANCE
  1315 | D:2      | 1315 ||| STAIRDANCE
  1353 | D:2      | Reached XP level 4. HP: 36/36 MP: 4/4
  1383 | D:2      | 1383 ||| Stepping ~*~*~tactically~*~*~ (outnumbered).
  1396 | D:2      | HP: 9/36 [gnoll/+0 spear (2)]
  1401 | D:2      | Slain by a gnoll

Levels and vault maps discovered:
D:1:      dpeg_arrival_short_road, layout_loops_cross, minmay_stone_trees_large,
          minmay_rat_gold_closets
D:2:      layout_basic, ebering_ecumenical_altar_mist,
          nicolae_kite_square_tiling_tiny, hangedman_decor_peaks_small

Skill      XL: |  1  2  3 |
---------------+----------+-----
Ranged Weapons | 3 4 |  4.8
Fighting       | 2 |  2.0
Dodging        | |  2.1
Spellcasting   | |  1.0
Hexes          | |  2.0

Action                     |  1- 3 |  4- 6 || total
---------------------------+-------+-------++-------
   Fire: Sling             |   137 |    20 ||   157
    Use: Scroll            |     5 |       ||     5
 Armour: Robe              |    13 |       ||    13
  Dodge: Dodged            |    60 |     8 ||    68

Table legend:
 A = Non-vault XP
 B = Vault XP
 C = Vault XP percentage of total XP
 D = Non-vault monster count
 E = Vault monster count
 F = Vault count percentage of total count
                 A         B        C        D         E       F
            +---------+---------+-------+---------+---------+-------
      Total |     121 |       7 |   5.5 |      35 |       7 |  16.7
            +---------+---------+-------+---------+---------+-------
        D:1 |      62 |       7 |  10.1 |      30 |       7 |  18.9
        D:2 |      59 |       0 |   0.0 |       5 |       0 |   0.0
            +---------+---------+-------+---------+---------+-------
